 Dungeon Crawl Stone Soup version 0.31-a0-1424-g2add1c7226 (webtiles) character file.

Game seed: 17755745198357997072

205314 bmb222 the Phalangite (level 19, -1/155 HPs)
             Began as a Formicid Monk on Dec 25, 2023.
             Was a Priest of Cheibriados.
             Slain by a naga
             ... wielding a +2 heavy battleaxe
              (37 damage)
             ... on level 2 of the Snake Pit on Dec 26, 2023.
             The game lasted 00:42:02 (32504 turns).

bmb222 the Phalangite (Formicid Monk)              Turns: 32504, Time: 00:42:03

Health: -1/155     AC: 28    Str: 32    XL:     19   Next: 85%
Magic:  12/30      EV: 13    Int: 19    God:    Cheibriados [***...]
Gold:   2297       SH: 18    Dex: 28    Spells: 18/18 levels left

rFire   + . .        v - +9 bardiche (flame)
rCold   + + +        i - +2 kite shield {rN+}
rNeg    + . .        W - +8 chain mail "Wieweun" {rElec rPois Dex+3 SInv}
rPois   +            (helmet unavailable)
rElec   +            (no cloak)
rCorr   .            k - +0 pair of gloves "Cenub" {rElec rC+++ Str+3 Dex-3}
SInv    +            C - +2 pair of boots
Will    ++...        h - amulet of the acrobat
Stlth   ++           T - ring of protection from fire
HPRegen 0.45/turn    a - ring of willpower
MPRegen 0.22/turn

%: acrobat
@: lethally poisoned (-1 -> -4), constricted, invisible, very slow
A: permanent stasis, dig shafts and tunnels, antennae 3, four strong arms,
iridescent scales 1, agile 1, high MP 1
a: Dig, Shaft Self, Renounce Religion, Bend Time, Temporal Distortion


You were on level 2 of the Snake Pit.
You worshipped Cheibriados.
Cheibriados was most pleased with you.
You visited 6 branches of the dungeon, and saw 29 of its levels.
You also visited: Bailey and Gauntlet.

You collected 2622 gold pieces.
You spent 325 gold pieces at shops.

Inventory:

Hand Weapons
 v - a +9 bardiche of flaming (weapon)
 M - a +4 halberd
Missiles
 l - 10 curare-tipped darts
 V - 3 throwing nets
 Y - 6 silver javelins
Armour
 i - a +2 kite shield of positive energy (worn)
 k - the +0 pair of gloves "Cenub" (worn) {rElec rC+++ Str+3 Dex-3}
   (You found it in a Gauntlet)

   Str+3:     It affects your strength (+3).
   Dex-3:     It affects your dexterity (-3).
   rC+++:     It renders you almost immune to cold.
   rElec:     It insulates you from electricity.
 o - +0 ice dragon scales
 C - a +2 pair of boots (worn)
 K - a +3 chain mail of willpower
 W - the +8 chain mail "Wieweun" (worn) {rElec rPois Dex+3 SInv}
   (You found it on level 7 of the Dungeon)

   Dex+3:     It affects your dexterity (+3).
   rElec:     It insulates you from electricity.
   rPois:     It protects you from poison SInv: It lets you see invisible.
Jewellery
 a - a ring of willpower (right hand)
 f - a +4 ring of protection
 h - an amulet of the acrobat (around neck)
 q - a ring of protection from cold
 x - a ring of positive energy
 D - a ring of willpower
 F - a ring of poison resistance
 J - a ring of resist corrosion
 T - a ring of protection from fire (left hand)
Wands
 b - a wand of light (22)
 d - a wand of digging (1)
 u - a wand of paralysis (25)
 y - a wand of polymorph (12)
 E - a wand of mindburst (17)
 I - a wand of flame (22)
 O - a wand of iceblast (12)
Scrolls
 m - a scroll of enchant weapon
 p - 5 scrolls of poison
 B - 3 scrolls of vulnerability
 G - 5 scrolls of fog
 H - 3 scrolls of immolation
 L - a scroll of revelation
 P - 2 scrolls of summoning
 Q - 2 scrolls of enchant armour
 S - a scroll of fear
 X - 3 scrolls of identify
 Z - a scroll of brand weapon
Potions
 c - 2 potions of ambrosia
 e - 8 potions of haste
 g - 3 potions of attraction
 j - 2 potions of might
 n - 7 potions of lignification
 r - 3 potions of heal wounds
 s - 4 potions of magic
 t - 7 potions of mutation
 w - 7 potions of enlightenment
 z - 3 potions of degeneration
 A - 9 potions of curing
 R - a potion of resistance
 U - 8 potions of brilliance


   Skills:
 - Level 15.1 Fighting
 - Level 4.2 Maces & Flails
 * Level 22.1 Polearms
 - Level 14.7 Armour
 - Level 8.3 Dodging
 - Level 7.1 Stealth
 - Level 13.6 Shields
 - Level 12.2 Invocations


You had 18 spell levels left.
You didn't know any spells.
Your spell library contained the following spells:

 Spells                   Type           Power      Damage    Failure   Level
 Apportation              Tloc           0%         N/A       58%         1
 Magic Dart               Conj           0%         1d3       58%         1
 Slow                     Hex            0%         N/A       58%         1
 Cigotuvi's Dreadful Rot  Necr/Alch/Air  0%         N/A       75%         2
 Jinxbite                 Hex            0%         N/A       75%         2
 Mercury Vapours          Alch/Air       0%         N/A       75%         2
 Searing Ray              Conj           0%         2d4       75%         2
 Call Canine Familiar     Summ           0%         N/A       92%         3
 Confusing Touch          Hex            0%         N/A       92%         3
 Inner Flame              Hex/Fire       0%         N/A       92%         3
 Mephitic Cloud           Conj/Alch/Air  0%         N/A       92%         3
 Sigil of Binding         Hex            0%         N/A       92%         3
 Tukima's Dance           Hex            0%         N/A       92%         3
 Vampiric Draining        Necr           0%         2d6       92%         3
 Dimensional Bullseye     Hex/Tloc       0%         N/A       100%        4
 Dispel Undead            Necr           0%         3d6       100%        4
 Flame Wave               Conj/Fire      0%         2d4       100%        4
 Fulminant Prism          Conj/Alch      0%         3d5       100%        4
 Iskenderun's Mystic Bla  Conj/Tloc      0%         2d3       100%        4
 Sticky Flame             Fire/Alch      0%         2d4       100%        4
 Alistair's Intoxication  Alch           0%         N/A       100%        5
 Arcjolt                  Conj/Air       0%         1d10      100%        5
 Freezing Cloud           Conj/Ice/Air   0%         6-21      100%        5
 Irradiate                Conj/Alch      0%         3d11      100%        5
 Summon Mana Viper        Hex/Summ       0%         N/A       100%        5
 Yara's Violent Unravell  Hex/Alch       0%         3d3       100%        5
 Death Channel            Necr           0%         N/A       100%        6
 Plasma Beam              Fire/Air       0%         2x1d10    100%        6
 Enfeeble                 Hex            0%         N/A       100%        7
 Malign Gateway           Summ/Tloc      0%         N/A       100%        7
 Summon Horrible Things   Summ           0%         N/A       100%        8
 Chain Lightning          Conj/Air       0%         N/A       100%        9
 Fire Storm               Conj/Fire      0%         5d1       100%        9
 Shatter                  Erth           0%         3d5*      100%        9
 Vhi's Electric Charge    Tloc/Air       Unusable   N/A       N/A         4

Dungeon Overview and Level Annotations

Branches:
Dungeon (15/15)            Temple (1/1) D:4            Lair (5/5) D:9
 Shoals (0/4) Lair:3        Snake (2/4) Lair:3        Slime (0/5) Lair:5
    Orc (2/2) D:11            Elf (0/3) Orc:2        Vaults (0/5) D:13
 Depths (4/4) D:15         Bailey (visited)         Gauntlet (visited)
    Zot: Depths:4

Altars:
Ashenzari
Cheibriados
Dithmenos
Elyvilon
Fedhas
Gozag
Hepliaklqana
Kikubaaqudgha
Makhleb
Nemelex Xobeh
Okawaru
Qazlal
Ru
Sif Muna
Trog
Uskayaw
Vehumet
Wu Jian
Xom
Yredelemnul
Zin
The Shining One
Jiyva

Shops:
D:2 ?(*((   D:12 *   D:14 =   Orc:2 *?*   Depths:3 :

Portals:
Hell: Lair:5 Depths:1 Depths:2 Depths:3 Depths:4
Abyss: Depths:3
Pandemonium: Depths:1 Depths:2
Ziggurat: Depths:4
Trove: D:13 (give 6 scrolls of fog)

Annotations:
Lair:4 2 transporters, exclusion: 2 oklob plants, jasper's ghost, journeyman DsCA
Orc:2 2 transporters, olourkin's ghost, journeyman MiBe


Innate Abilities, Weirdness & Mutations

You cannot be hasted, slowed, berserked, paralysed or teleported.
You can dig through walls and to a lower floor.
You have a pair of large antennae on your head. (SInv)
Your four strong arms can wield two-handed weapons with a shield.
You are partially covered in iridescent scales. (AC +2)
You are agile. (Dex +4, Str/Int -1)
You have an increased reservoir of magic. (+10% MP)


Message History

You feel sick. You block the anaconda's attack. The mana viper misses you.
The naga misses you. You block the anaconda's attack.
The naga ritualist utters an invocation to its god.
The naga ritualist begins to radiate toxic energy.
You block the naga's attack. The naga constricts you.
The naga mage gestures at you while chanting.
The bolt of poison hits you. You resist.
The bolt of poison hits the naga ritualist.
The bolt of poison hits the naga!
The naga is poisoned.
The anaconda bites you but does no damage.
The naga warrior hits you but does no damage.
The mana viper bites you.
You feel your power leaking away.
You slash the anaconda! You burn the anaconda.
You kill the anaconda!
Cheibriados thoroughly appreciates the change of pace.
You feel sick. You block the anaconda's attack. You block the naga's attack.
You block the naga mage's attack.
The naga hits you with a +0 vampiric scimitar!!
* * * LOW HITPOINT WARNING * * *
The naga draws strength from your wounds!
The naga constricts you. The mana viper bites you.
* * * LOW HITPOINT WARNING * * *
You feel your power leaking away. The naga warrior misses you.
You barely miss the anaconda.
The anaconda is severely wounded.
* * * LOW HITPOINT WARNING * * *
You are more poisoned.
The naga mage closely misses you. You block the anaconda's attack.
The naga hits you but does no damage. You block the mana viper's attack.
The naga barely misses you. The naga constricts you.
You fade into invisibility!
You feel sick. You block the anaconda's attack.
You block the naga mage's attack. The naga warrior completely misses you.
The mana viper closely misses you. You block the anaconda's attack.
The naga hits you but does no damage.
The naga mage hits you but does no damage.
The naga hits you with a +2 heavy battleaxe!!!
You die...

# #######
... #.....#
#...#.....#
#...SSN.#
#.N@N†#
#.N.N.#
#..N..#
<......#
........#
..........#
.....####.#
#.... .#


You could see a naga warrior (curare), an anaconda (unable to see you), a naga
ritualist (strong, toxic aura), a mana viper, a naga mage (fast, strong) and 3
nagas.

Vanquished Creatures
  Mara (Depths:1)
  the Enchantress (Depths:4)
  2 golden dragons (Depths:3)
  2 tentacled monstrosities (Depths:2)
  Jorgrun (Orc:1)
  Gastronok (D:8)
  2 fire giants (Depths:2)
  7 frost giants
  5 spectral caustic shrikes (Depths:4)
  An iron dragon (Depths:3)
  5 spriggan defenders (Depths:4)
  25 very ugly things
  7 stone giants
  A minotaur (Gauntlet)
  A lorocyproca (Depths:2)
  A red draconian (Depths:4)
  4 spark wasps (Depths:2)
  An ettin (Depths:2)
  Snorg (Lair:4)
  A merfolk impaler (Depths:3)
  8 fire dragons
  6 hydras
  7 ice dragons
  A yaktaur captain (D:12)
  3 rakshasas
  3 vault guards (Depths:3)
  A salamander tyrant (Snake:1)
  An ogre mage (D:13)
  A catoblepas (Lair:5)
  6 anacondas
  9 centaur warriors
  6 spriggan air magi
  A boulder beetle (D:14)
  4 deep troll shamans
  A death knight (D:14)
  3 two-headed ogres
  6 tengu warriors
  4 naga warriors (Snake:1)
  5 deep troll earth magi
  3 occultists
  A vampire mage (Depths:3)
  Urug (Lair:3)
  A shock serpent (shapeshifter) (Depths:1)
  3 spriggan berserkers
  2 spriggans
  4 hell knights (Depths:2)
  Sonja (Orc:2)
  A sun demon (Depths:2)
  A shock serpent (Snake:1)
  A skyshark (Lair:2)
  7 skeletal warriors
  11 iron trolls
  2 salamander mystics (Snake:1)
  A sixfirhy (Lair:5)
  A glowing orange brain (Depths:4)
  10 deep trolls
  A phantasmal warrior (D:15)
  A deep elf pyromancer (D:15)
  A flayed ghost (Depths:3)
  A naga ritualist (Snake:1)
  An arcanist (D:15)
  4 harpies
  4 necromancers (Depths:2)
  5 orc knights
  2 wolf spiders (D:15)
  2 orc sorcerers (Orc:2)
  53 ugly things
  4 salamanders (Snake:1)
  2 mana vipers (Snake:1)
  5 cyclopes
  2 manticores
  5 elephants (Lair:3)
  17 black mambas
  2 kobold blastminers (Orc:2)
  2 naga magi (Snake:1)
  A water nymph (shapeshifter) (D:15)
  2 smoke demons
  3 orange demons (Lair:5)
  A gargoyle (D:12)
  A torpor snail (Lair:5)
  12 cane toads
  3 centaur skeletons (D:13)
  An efreet (Gauntlet)
  4 rime drakes
  2 freezing wraiths
  8 komodo dragons
  4 kobold demonologists
  2 yaktaurs (D:13)
  4 red devils
  3 tengu conjurers
  2 ice devils (Lair:5)
  4 trolls
  A polar bear (Lair:5)
  4 hornets
  A glass eye (Depths:2)
  A dream sheep (shapeshifter) (Depths:4)
  A hellwing (Lair:5)
  19 blink frogs
  16 dream sheep (Lair:5)
  Sigmund (D:2)
  2 centaur simulacra (Gauntlet)
  3 wraiths
  2 shadows
  2 wyverns
  Eustachio (D:4)
  39 yaks
  12 slime creatures
  2 water elementals
  A fire elemental (Gauntlet)
  Grum (D:8)
  9 basilisks
  2 chaos spawn (Gauntlet)
  Menkaure (D:5)
  A warg (Orc:2)
  9 vampire mosquitoes
  A neqoxec (Gauntlet)
  7 nagas (Snake:1)
  An acid dragon (D:12)
  An acid dragon (shapeshifter) (Depths:2)
  22 water moccasins
  7 hell hounds
  2 meliai simulacra (Gauntlet)
  38 orc warriors
  An ice beast (D:6)
  A black bear (D:7)
  9 ogres
  24 wolves
  23 centaurs
  2 phantoms
  4 kobold brigands
  11 bullfrogs
  10 wights
  4 howler monkeys
  4 jellies
  A wyvern simulacrum (Gauntlet)
  2 bombardier beetles
  3 hounds
  9 orc priests
  2 sleepcaps
  Jessica (D:3)
  3 gnoll boudas
  4 iguanas
  20 orc wizards
  A boggart skeleton (D:13)
  A mummy (D:5)
  15 gnolls
  5 adders
  2 shadow imps
  2 white imps
  4 ufetubi (D:6)
  A worm (D:2)
  A dart slug (D:1)
  84 orcs
  11 ball pythons
  11 endoplasms
  3 giant cockroaches
  4 goblins
  6 hobgoblins
  4 quokkas
  6 bats
  7 frilled lizards
  A hobgoblin zombie (D:5)
  11 kobolds
  2 kobold zombies (D:5)
  An orc zombie (D:5)
  11 rats
910 creatures vanquished.

Vanquished Creatures (others)
  A spriggan (Depths:3)
  A hornet (Depths:3)
  An orc warrior (Orc:2)
  An orc priest (Orc:2)
4 creatures vanquished.

Grand Total: 914 creatures vanquished

Notes
Turn   | Place    | Note
-------+----------+-------------------------------------------
     0 | D:1      | bmb222 the Formicid Monk began the quest for the Orb.
     0 | D:1      | Reached XP level 1. HP: 18/18 MP: 1/1
   109 | D:1      | Reached XP level 2. HP: 24/24 MP: 2/2
   208 | D:1      | Found a faded altar of an unknown god.
   223 | D:1      | Reached XP level 3. HP: 29/30 MP: 3/3
   563 | D:2      | Reached skill level 1 in Armour
   851 | D:2      | Reached XP level 4. HP: 31/37 MP: 4/4
   912 | D:2      | Noticed Sigmund
   924 | D:2      | Killed Sigmund
   925 | D:2      | Reached XP level 5. HP: 30/43 MP: 5/5
   925 | D:2      | Reached XP level 6. HP: 34/49 MP: 6/6
  1142 | D:2      | Found Sylokk's Assorted Antiques.
  1154 | D:2      | Found Amalodgh's Weapon Boutique.
  1244 | D:2      | Found Hajyuro's Antique Weapon Boutique.
  1408 | D:2      | Found Wifenum's Magic Scroll Shoppe.
  1456 | D:2      | Found Digymm's Weapon Shop.
  1622 | D:3      | Noticed Jessica
  1624 | D:3      | Reached skill level 2 in Polearms
  1625 | D:3      | Killed Jessica
  2063 | D:4      | Noticed Eustachio
  2075 | D:4      | Killed Eustachio
  2076 | D:4      | Reached skill level 4 in Polearms
  2076 | D:4      | Reached XP level 7. HP: 29/55 MP: 7/7
  2831 | D:4      | Reached skill level 5 in Polearms
  2859 | D:4      | Found a staircase to the Ecumenical Temple.
  3057 | Temple   | Entered the Ecumenical Temple
  3072 | Temple   | Became a worshipper of Cheibriados the Contemplative
  3072 | Temple   | Reached * piety under Cheibriados
  3072 | Temple   | Reached ** piety under Cheibriados
  3131 | D:5      | Entered Level 5 of the Dungeon
  3265 | D:5      | Reached XP level 8. HP: 57/61 MP: 8/8
  3269 | D:5      | Reached skill level 6 in Polearms
  3520 | D:5      | Found a basalt altar of Yredelemnul.
  3712 | D:5      | Reached skill level 7 in Polearms
  3760 | D:5      | Noticed Menkaure
  3761 | D:5      | Killed Menkaure
  4342 | D:6      | Found a stormy altar of Qazlal.
  4346 | D:6      | Reached skill level 8 in Polearms
  4369 | D:6      | Reached XP level 9. HP: 66/66 MP: 9/9
  4423 | D:6      | Found an ornate altar of the Wu Jian Council.
  4453 | D:6      | Reached *** piety under Cheibriados
  4475 | D:6      | Reached skill level 9 in Polearms
  4980 | D:2      | Bought a runed chain mail for 195 gold pieces
  4980 | D:2      | Bought a dented malachite amulet for 130 gold pieces
  5252 | D:7      | Found a flagged portal.
  5282 | Bailey   | Entered a bailey
  5298 | Bailey   | Reached skill level 10 in Polearms
  5435 | Bailey   | Reached **** piety under Cheibriados
  5521 | Bailey   | Noticed an orc knight
  5529 | Bailey   | Killed an orc knight
  5530 | Bailey   | Reached skill level 11 in Polearms
  5534 | Bailey   | Reached XP level 10. HP: 14/73 MP: 2/10
  5900 | D:7      | Reached skill level 12 in Polearms
  6382 | D:7      | Identified the +8 chain mail "Wieweun" {rElec rPois Dex+3
                  | SInv}
  6517 | D:8      | Reached skill level 1 in Invocations
  6552 | D:8      | Reached skill level 5 in Fighting
  7091 | D:8      | Reached ***** piety under Cheibriados
  7187 | D:8      | Noticed Grum
  7193 | D:8      | Reached skill level 5 in Armour
  7202 | D:8      | Killed Grum
  7451 | D:8      | Reached skill level 5 in Invocations
  7453 | D:8      | Reached XP level 11. HP: 79/83 MP: 14/14
  7808 | D:8      | Noticed Gastronok
  7818 | D:8      | Killed Gastronok
  8764 | D:9      | Found a staircase to the Lair.
  8879 | D:9      | Found an opulent altar of Gozag.
  9126 | D:10     | Entered Level 10 of the Dungeon
  9232 | D:10     | Reached XP level 12. HP: 82/95 MP: 18/18
  9817 | Lair:1   | Entered Level 1 of the Lair of Beasts
 10127 | Lair:1   | Reached skill level 10 in Fighting
 10586 | Lair:1   | Reached ****** piety under Cheibriados
 10898 | Lair:2   | Found a gate leading to a gauntlet.
 10907 | Gauntlet | Entered a Gauntlet
 10907 | Gauntlet | Found a transporter.
 10913 | Gauntlet | Noticed a tengu warrior
 10916 | Gauntlet | Found a transporter.
 10931 | Gauntlet | Found a transporter.
 10933 | Gauntlet | Found a large runed translucent door.
 10933 | Gauntlet | Found a large runed translucent door.
 10934 | Gauntlet | Found a large runed translucent door.
 10934 | Gauntlet | Found a large runed translucent door.
 10935 | Gauntlet | Found a large runed translucent door.
 10935 | Gauntlet | Found a large runed translucent door.
 10935 | Gauntlet | Found a runed translucent door.
 10935 | Gauntlet | Found a runed translucent door.
 10935 | Gauntlet | Found a large runed translucent door.
 10936 | Gauntlet | Found a transporter.
 10940 | Gauntlet | Noticed a catoblepas
 10951 | Gauntlet | Found a transporter.
 10966 | Gauntlet | Found a large runed translucent door.
 10967 | Gauntlet | Found a large runed translucent door.
 10968 | Gauntlet | Found a large runed translucent door.
 10968 | Gauntlet | Found a large runed translucent door.
 10968 | Gauntlet | Noticed a blizzard demon
 10969 | Gauntlet | Found a runed translucent gate.
 10970 | Gauntlet | Found a transporter.
 10970 | Gauntlet | Found a runed translucent gate.
 10971 | Gauntlet | Found a runed translucent gate.
 10972 | Gauntlet | Found a large runed translucent door.
 10972 | Gauntlet | Found a large runed translucent door.
 10973 | Gauntlet | Found a large runed translucent door.
 10974 | Gauntlet | Found a large runed translucent door.
 10982 | Gauntlet | Found a transporter.
 10991 | Gauntlet | Noticed a quicksilver ooze
 10997 | Gauntlet | Found a transporter.
 11006 | Gauntlet | Found a transporter.
 11016 | Gauntlet | Noticed a dire elephant
 11018 | Gauntlet | Found a transporter.
 11037 | Gauntlet | Found a transporter.
 11052 | Gauntlet | Found a transporter.
 11054 | Gauntlet | Found a transporter.
 11079 | Gauntlet | Found a transporter.
 11081 | Gauntlet | Found a transporter.
 11101 | Gauntlet | Found a transporter.
 11175 | Gauntlet | Found a large runed translucent door.
 11179 | Gauntlet | Found a transporter.
 11201 | Gauntlet | Found a transporter.
 11668 | Gauntlet | Reached skill level 10 in Armour
 11669 | Gauntlet | Reached skill level 10 in Invocations
 11674 | Gauntlet | Got The Advanced Guide to Thaumaturgy
 11807 | Gauntlet | Identified the +0 pair of gloves "Cenub" {rElec rC+++ Str+3
                  | Dex-3}
 11820 | Gauntlet | Identified the +2 helmet of the Guild-Master {rElec Dex+6}
 11833 | Gauntlet | Noticed a minotaur
 11838 | Gauntlet | Killed a minotaur
 11968 | Lair:2   | Identified the +8 chain mail of Vyavow {rC+ MP+9 Dex+2
                  | Stlth+}
 12291 | Lair:2   | Noticed a skyshark
 12294 | Lair:2   | Killed a skyshark
 12592 | Lair:3   | Found a staircase to the Shoals.
 12593 | Lair:3   | Noticed Urug
 12598 | Lair:3   | Reached XP level 13. HP: 104/106 MP: 19/21
 12601 | Lair:3   | Killed Urug
 12668 | Lair:3   | Noticed a four-headed hydra
 12672 | Lair:3   | Killed a two-headed hydra
 12900 | Lair:3   | Found a staircase to the Snake Pit.
 14107 | Lair:4   | Noticed a six-headed hydra
 14109 | Lair:4   | Noticed Snorg
 14111 | Lair:4   | Killed a four-headed hydra
 14120 | Lair:4   | Killed Snorg
 14333 | Lair:4   | Found a transporter.
 14333 | Lair:4   | Noticed a six-headed hydra
 14337 | Lair:4   | Noticed jasper's ghost (journeyman DsCA)
 14337 | Lair:4   | Noticed a four-headed hydra
 14371 | Lair:4   | Found a transporter.
 14448 | Lair:4   | Noticed a seven-headed hydra
 14875 | Lair:5   | Entered Level 5 of the Lair of Beasts
 14983 | Lair:5   | Noticed a five-headed hydra
 14988 | Lair:5   | Killed a two-headed hydra
 15116 | Lair:5   | Reached XP level 14. HP: 115/116 MP: 23/23
 15457 | Lair:5   | Reached skill level 5 in Dodging
 15615 | Lair:5   | Reached skill level 13 in Polearms
 15669 | Lair:5   | Identified the staff "Meruerph" {rF+ Int+2 Fire}
 15862 | Lair:5   | Found a burning altar of Makhleb.
 16197 | Lair:5   | Found a gateway to Hell.
 16204 | Lair:5   | Identified the +8 dire flail "Duafyacs" {heavy, Str+2}
 16624 | Lair:5   | Found a viscous altar of Jiyva.
 16624 | Lair:5   | Found a staircase to the Slime Pits.
 17250 | D:11     | Identified the +8 scimitar "Telar" {freeze, Str+4}
 17327 | D:11     | Found a staircase to the Orcish Mines.
 17939 | D:12     | Found a burning altar of Makhleb.
 18040 | D:12     | Reached XP level 15. HP: 125/125 MP: 24/24
 18058 | D:12     | Found Ymolasm's Assorted Antiques.
 18585 | D:12     | Reached skill level 1 in Stealth
 18681 | D:13     | Gained mutation: Potions are less effective at restoring
                  | your health. [a neqoxec]
 18920 | D:13     | Found a portal to a secret trove of treasure.
 19065 | D:13     | Identified the +7 orcbow of the Witching Gods {freeze, rF-
                  | rC+ Str+4 SInv}
 19080 | D:13     | Reached skill level 14 in Polearms
 19187 | D:13     | Found a gate to the Vaults.
 19740 | D:14     | Reached skill level 5 in Stealth
 20378 | D:14     | Found Kulaoz's Jewellery Shop.
 20519 | D:15     | Entered Level 15 of the Dungeon
 20559 | D:15     | Reached XP level 16. HP: 134/134 MP: 25/25
 21219 | D:15     | Reached skill level 15 in Fighting
 21583 | D:15     | Found a staircase to the Depths.
 22121 | Orc:1    | Entered Level 1 of the Orcish Mines
 22122 | Orc:1    | Noticed Jorgrun
 22140 | Orc:1    | Killed Jorgrun
 22636 | Orc:2    | Entered Level 2 of the Orcish Mines
 22646 | Orc:2    | Found a staircase to the Elven Halls.
 22659 | Orc:2    | Reached skill level 1 in Shields
 22814 | Orc:2    | Noticed Sonja
 22826 | Orc:2    | Reached skill level 5 in Shields
 22836 | Orc:2    | Killed Sonja
 23206 | Orc:2    | Found a transporter.
 23212 | Orc:2    | Noticed olourkin's ghost (journeyman MiBe)
 23374 | Orc:2    | Found Anuqon's Magic Scroll Emporium.
 23376 | Orc:2    | Found Asucveti's General Store.
 23378 | Orc:2    | Found Megili's General Store.
 23411 | Orc:2    | Found a transporter.
 23631 | Snake:1  | Entered Level 1 of the Snake Pit
 24292 | Snake:1  | Reached skill level 10 in Shields
 24644 | Snake:1  | Reached XP level 17. HP: 106/142 MP: 19/26
 25319 | Depths:1 | Entered Level 1 of the Depths
 25958 | Depths:1 | Reached skill level 15 in Polearms
 25966 | Depths:1 | Noticed Mara
 25980 | Depths:1 | Noticed bmb222's illusion
 25996 | Depths:1 | Noticed bmb222's illusion
 26008 | Depths:1 | Killed Mara
 26356 | Depths:1 | Found a one-way gate leading to the halls of Pandemonium.
 26455 | Depths:1 | Found a sacrificial altar of Ru.
 26478 | Depths:1 | Reached skill level 16 in Polearms
 26991 | Depths:1 | Lost mutation: Potions are less effective at restoring your
                  | health. [potion of mutation]
 26991 | Depths:1 | Gained mutation: You are partially covered in iridescent
                  | scales. (AC +2) [potion of mutation]
 26991 | Depths:1 | Gained mutation: You occasionally shout uncontrollably at
                  | your foes. [potion of mutation]
 26991 | Depths:1 | Gained mutation: You are agile. (Dex +4, Str/Int -1)
                  | [potion of mutation]
 26992 | Depths:1 | Lost mutation: You occasionally shout uncontrollably at
                  | your foes. [potion of mutation]
 26992 | Depths:1 | Lost mutation: You are partially covered in iridescent
                  | scales. (AC +2) [potion of mutation]
 26992 | Depths:1 | Lost mutation: You are agile. (Dex +4, Str/Int -1) [potion
                  | of mutation]
 26992 | Depths:1 | Gained mutation: You have an increased reservoir of magic.
                  | (+10% MP) [potion of mutation]
 26992 | Depths:1 | Gained mutation: You are agile. (Dex +4, Str/Int -1)
                  | [potion of mutation]
 26992 | Depths:1 | Gained mutation: You are partially covered in iridescent
                  | scales. (AC +2) [potion of mutation]
 27382 | Depths:2 | Reached skill level 17 in Polearms
 27469 | Depths:2 | Reached XP level 18. HP: 149/149 MP: 29/29
 27634 | Depths:2 | Noticed a tentacled monstrosity
 27642 | Depths:2 | Killed a tentacled monstrosity
 27691 | Depths:2 | Noticed a tentacled monstrosity
 27698 | Depths:2 | Killed a tentacled monstrosity
 27699 | Depths:2 | Reached skill level 18 in Polearms
 27746 | Depths:2 | Found the +8 Wrath of Trog {antimagic, *Rage Rampage}
 28451 | Depths:2 | Reached skill level 19 in Polearms
 28957 | Depths:3 | Noticed a golden dragon
 28957 | Depths:3 | Noticed a golden dragon
 29334 | Depths:3 | Reached skill level 20 in Polearms
 29341 | Depths:3 | Reached XP level 19. HP: 115/155 MP: 28/30
 29993 | Depths:3 | Killed a golden dragon
 30051 | Depths:3 | Found a one-way gate to the infinite horrors of the Abyss.
 30103 | Depths:3 | Killed a golden dragon
 30228 | Depths:3 | Found Huinlu's Book Boutique.
 30402 | Depths:4 | Entered Level 4 of the Depths
 30427 | Depths:4 | Found a one-way gateway to a ziggurat.
 30438 | Depths:4 | Upgraded the game from 0.31-a0-1405-g2bb1a01664 to
                  | 0.31-a0-1424-g2add1c7226
 31090 | Depths:4 | Reached skill level 21 in Polearms
 31341 | Depths:4 | Noticed the Enchantress
 31352 | Depths:4 | Killed the Enchantress
 31390 | Depths:4 | Found an iron altar of Okawaru.
 31866 | Depths:4 | Reached skill level 22 in Polearms
 32504 | Snake:2  | Slain by a naga

Illustrated notes

Levels and vault maps discovered:
D:1:      enne_arrival_octagon_isle, layout_basic, ebering_ecumenical_altar_rust
D:2:      kennysheep_big_flooded_room, layout_basic, serial_shops, shop, shop,
          nicolae_shop_pleasant_corner_grove, nicolae_shop_hallway_plus,
          nicolae_shop_tiny_statue_garden, uniq_sigmund
D:3:      layout_rooms, serial_glass, glass_columns_a, glass_columns_c,
          item_on_display_a, minmay_strange_pillars, due_unseen_surprise,
          minmay_strange_pillars, uniq_jessica
D:4:      layout_basic, temple_hall, kennysheep_small_square, uniq_eustachio
D:5:      layout_basic, yredelemnul_altar_generic, minmay_mini_ossuary,
          uniq_menkaure
D:6:      layout_cave_pools, mainiacjoe_overflow_alcove_2,
          pdpol_wu_jian_five_deadly_venoms
D:7:      layout_basic, enter_bailey_2
D:8:      layout_layer_cave, uniq_gastronok, uniq_grum
D:9:      layout_loops_ring, marbit_many_paths, david_lair_shrubbed
D:10:     layout_rooms
D:11:     layout_loops_ring, david_orc_4
D:12:     kennysheep_scales, layout_basic, serial_shops, nicolae_shop_stone,
          bloody_makhleb
D:13:     layout_rooms, hangedman_vaults_entry_quadrant_bands, enter_trove_1,
          library_closet
D:14:     nicolae_cairo_tiling_large, layout_irregular_city, serial_shops,
          nicolae_shop_peninsula, abandoned_shop
D:15:     hangedman_depths_entry_try_elsewhere_first, layout_layer_cave,
          nrook_uturn, minivault_20
Temple:   eino_narrow_crystal_temple
Lair:1:   layout_regular_city, serial_bayou_pond_d
Lair:2:   layout_regular_city, gauntlet_entry_generic
Lair:3:   layout_hall_layers, shoals_dummy_entry,
          minmay_snake_entry_six_corridors, lemuel_fruit_tree, uniq_urug
Lair:4:   layout_regular_city, nzn_ghost_randoct, serial_bayou_shore_b,
          lemuel_fruit_fields, uniq_snorg
Lair:5:   evil_forest, layout_hall_layers, dpeg_slime_entry_corner,
          grunt_megastairs_3
Snake:1:  layout_rooms, nicolae_snake_slithery_corners, grunt_megastairs_5
Snake:2:  layout_rooms, gammafunk_ghost_split, uniq_aizul
Orc:1:    layout_caves, mines2_lemuel, uniq_jorgrun
Orc:2:    st_orc_rangers, layout_caves, gammafunk_ghost_smash,
          einodemon_armed_red_devil_minivault, uniq_sonja
Depths:1: layout_gridville, grunt_pan_entry_sceptre, nicolae_ru_awakened_eye,
          hell_entry, nicolae_houndstooth_variations, uniq_mara
Depths:2: minmay_the_grid_four_pointed_star
          [minmay_the_grid_triangle_9x9_warning,
          minmay_the_grid_triangle_9x9_steps,
          minmay_the_grid_triangle_9x9_checkered,
          minmay_the_grid_triangle_9x9_from_above,
          minmay_the_grid_prize_diamond_cup], layout_gridlike,
          hangedman_geh_valley, grunt_pan_entry_in_and_out, grunt_ministairs_13,
          infiniplex_staircase_river, serial_bayou_shore_b, uniq_norris
Depths:3: grated_community_mu [grated_community_mu_vampire_home,
          grated_community_mu_giant_home, grated_community_mu_spellcaster_home,
          grated_community_mu_orcish_home, grated_community_mu_troll_home,
          grated_community_mu_taur_home, grated_community_mu_unbuilt_plot],
          layout_gridlike, hangedman_abyss_entry_splay,
          serial_library_hellmonk_u_bend, hell_entry, serial_shops,
          nicolae_shop_peninsula, hangedman_abyss_or_decor_passed,
          nicolae_water_bricks
Depths:4: grunt_zot_entry_tricorne, layout_gridlike, enter_ziggurat_d,
          pf_hell_entry_tar_river, kennysheep_okawaru_gauntlet, uniq_enchantress

Skill      XL: |  1  2  3  4  5  6  7  8  9 10 11 12 13 14 15 16 17 18 19 |
---------------+----------------------------------------------------------+-----
Dodging        | 3 6 7 8 |  8.3
Armour         | 1 3 6 8 10 12 13 14 | 14.7
Fighting       | 4 6 9 11 12 13 14 15 | 15.1
Maces & Flails | 4 |  4.2
Polearms       | 4 5 8 11 12 13 14 17 20 22 | 22.1
Invocations    | 5 8 10 12 | 12.2
Stealth        | 5 7 |  7.1
Shields        | 11 13 | 13.6

Action                     |  1- 3 |  4- 6 |  7- 9 | 10-12 | 13-15 | 16-18 | 19-21 || total
---------------------------+-------+-------+-------+-------+-------+-------+-------++-------
  Melee: Mace              |    75 |    41 |       |       |       |       |       ||   116
         Bardiche          |       |    39 |   174 |   313 |   565 |   739 |   235 ||  2065
  Throw: Javelin           |       |       |       |       |     2 |       |       ||     2
 Invoke: Slouch            |       |       |       |     2 |     3 |    19 |     5 ||    29
         Temporal Distorti |       |       |       |       |       |       |     1 ||     1
  Evoke: Wand              |       |       |       |     1 |       |       |       ||     1
    Use: Potion            |       |       |     2 |     2 |     2 |     7 |     2 ||    15
         Scroll            |       |       |       |    21 |     8 |     2 |     1 ||    32
   Stab: Distracted        |       |       |       |       |     1 |     5 |       ||     6
         Sleeping          |       |       |       |       |       |     1 |     2 ||     3
         Invisible         |       |       |       |       |       |     4 |       ||     4
 Armour: Robe              |    37 |       |       |       |       |       |       ||    37
         Ring mail         |    11 |    45 |    86 |       |       |       |       ||   142
         Chain mail        |       |       |    52 |   313 |   494 |   431 |   172 ||  1462
         Skin              |       |       |    23 |     3 |       |       |       ||    26
  Dodge: Dodged            |    73 |    57 |   146 |   245 |   631 |   449 |   131 ||  1732
  Block: Kite shield       |       |       |       |       |       |   643 |   223 ||   866

Table legend: (Time is in decaauts)
 A = Elapsed time spent in this place.
 B = Non-inter-level travel time spent in this place.
 C = Inter-level travel time spent in this place.
 D = Time resting spent in this place.
 E = Time spent auto-exploring this place.
 F = Levels seen in this place.
 G = Mean time per level.
                   A        B        C        D        E       F      G
               +--------+--------+--------+--------+--------+-----+--------+
         Total |  47983 |  43488 |   4495 |   5347 |  31047 |  31 | 1547.8 |
       Dungeon |  22832 |  19811 |   3021 |   1264 |  15866 |  15 | 1522.1 |
        Temple |     37 |     15 |     22 |      0 |      0 |   1 |   37.0 |
          Lair |   9907 |   9336 |    571 |   1026 |   7178 |   5 | 1981.4 |
     Snake Pit |   2064 |   1874 |    190 |    463 |   1134 |   2 | 1032.0 |
  Orcish Mines |   1801 |   1679 |    122 |      0 |   1254 |   2 |  900.5 |
        Depths |   9184 |   8616 |    568 |   2192 |   4687 |   4 | 2296.0 |
        Bailey |    626 |    626 |      0 |     89 |    370 |   1 |  626.0 |
      Gauntlet |   1530 |   1530 |      0 |    313 |    556 |   1 | 1530.0 |
               +--------+--------+--------+--------+--------+-----+--------+

Top non-repeatable levels by time:
Depths:2: 2817 daAuts
  Lair:5: 2768 daAuts
    D:15: 2603 daAuts
     D:8: 2539 daAuts
Depths:1: 2372 daAuts
Depths:4: 2252 daAuts
     D:9: 2247 daAuts
  Lair:4: 2100 daAuts
 Snake:1: 2050 daAuts
    D:14: 1992 daAuts
    D:11: 1880 daAuts
  Lair:1: 1791 daAuts
  Lair:3: 1775 daAuts
Depths:3: 1741 daAuts
    D:12: 1734 daAuts
